Map: Deathaura LE

Players

Stats - Winner!

  • Race: Protoss Protoss
  • League: Grandmaster
  • Spawn Location: 11:00

Zest

  • Race: Protoss Protoss
  • League: Master
  • Spawn Location: 5:00

Event: TSL 6

VOD

Have the link to the VOD?

Description

Time

  • Played on: Dec. 18, 2020, 10:23 a.m.
  • Length: 8:26

All games in this series

Show
View Real Time Build Order
Export as new Build Order

Stats Protoss - Winner!

Build Orders:  

Get SALT Encoding   

  12  0:00  Probe  
  13  0:12  Probe  
  14  0:17  Pylon  
  14  0:24  Probe (Chrono Boost)  
  15  0:36  Probe (Chrono Boost)  
  15  0:38  Gateway  
  16  0:45  Probe (Chrono Boost)  
  16  0:46  Assimilator  
  17  0:51  Probe  
  17  0:54  Assimilator  
  18  1:03  Probe  
  19  1:08  Forge  
  19  1:15  Probe  
  20  1:23  Zealot (Chrono Boost)  
  22  1:25  Pylon  
  22  1:28  Probe  
  23  1:44  Photon Cannon  
  23  1:54  Pylon  
  21  2:05  Probe  
  22  2:12  Cybernetics Core  
  22  2:17  Probe  
  22  2:20  Assimilator  
  23  2:29  Probe  
  24  2:38  Pylon  
  24  2:41  Probe  
  25  2:48  Gateway  
  25  2:53  Probe  
  26  2:59  Stargate  
  26  3:06  Shield Battery  
  27  3:19  Gateway  
  27  3:26  Photon Cannon  
  26  3:29  Photon Cannon  
  26  3:34  Photon Cannon  
  26  3:38  Void Ray (Chrono Boost)  
  29  3:57  Pylon  
  29  4:05  Void Ray (Chrono Boost)  
  33  4:32  Void Ray (Chrono Boost)  
  37  4:55  Shield Battery  
  15  7:14  Void Ray  
Show
View Real Time Build Order
Export as new Build Order

Zest Protoss 

Build Orders: Cannon Rush 

Get SALT Encoding   

  12  0:00  Probe  
  13  0:12  Probe  
  14  0:16  Pylon  
  14  0:24  Probe  
  15  0:35  Forge  
  15  0:38  Probe  
  17  0:59  Pylon  
  16  1:04  Pylon x2  
  17  1:17  Photon Cannon  
  16  1:22  Photon Cannon  
  16  1:35  Photon Cannon  
  16  1:41  Probe  
  17  1:48  Pylon  
  16  2:02  Photon Cannon  
  16  2:05  Probe (Chrono Boost)  
  16  2:07  Gateway  
  16  2:11  Assimilator  
  16  2:13  Assimilator  
  17  2:16  Probe (Chrono Boost)  
  17  2:21  Probe (Chrono Boost)  
  18  2:32  Probe (Chrono Boost)  
  19  2:38  Pylon  
  19  2:41  Probe (Chrono Boost)  
  20  2:47  Probe  
  21  2:55  Cybernetics Core  
  21  2:59  Probe  
  22  3:11  Probe  
  23  3:19  Pylon  
  23  3:37  Photon Cannon x2  
  23  3:39  Photon Cannon  
  23  3:48  Stargate  
  22  4:15  Shield Battery  
  22  4:23  Void Ray (Chrono Boost)  
  19  4:50  Void Ray (Chrono Boost)  
  19  5:20  Void Ray  
Tags
 
Event
TSL 6
Matchup
PvP
Player
StatsZest
Spawn Locations
Cross Positions
Add a new tag
Caveats
  • Supply blocks, unpowered buildings, or Contaminate may cause inaccurate times.
  • Supply counts are checked every 10 seconds.